cohdb
Replays
Latest Replays
All Replays
Popular Replays
Top Player Replays
Match Explorer
How It Works
Community
CoH3 Stats
Reddit
Sign in to upload your games and track your stats! →
Sign in with Steam
Match 24737063
Unlisted
Match 24737063
Overview
Messages
Build Orders
End
Panzergrenadier Squad
Panzerpioneer Squad
Kradschützen Motorcycle Team
250 Light Carrier
Construct Light Support Kompanie
MG34 Team
Selects Armored Support Battlegroup
Selects Superior Fire Drills
Panzerpioneer Squad
Assault Mechanized Group
Construct Mechanized Kompanie
Marder III Tank Destroyer
8 Rad Armored Car
Vehicle Survival Package
Support Armor Elements
StuG III D Assault Gun
Wrathment
benjamin.schatz
0
0
Comments
sign in to comment!
No comments posted yet!